 Dungeon Crawl Stone Soup version 0.31-a0-188-g5e087ee2ca (webtiles) character file.

Game seed: 17394250463342775421

92 qw the Shooter (level 4, -12/25 HPs)
             Began as a Deep Elf Hunter on June 23, 2023.
             Mangled by a gnoll
             ... wielding a +2 halberd of protection
              (16 damage)
             ... on level 4 of the Dungeon.
             The game lasted 00:00:45 (2006 turns).

qw the Shooter (Deep Elf Hunter)                    Turns: 2006, Time: 00:00:45

Health: -12/25     AC:  7    Str: 10    XL:     4   Next: 35%
Magic:  6/6        EV:  9    Int: 14    God:
Gold:   170        SH:  0    Dex: 18    Spells: 3/3 levels left

rFire   . . .        Y - +0 shortbow
rCold   . . .        (shield currently unavailable)
rNeg    . . .        a - +0 scale mail
rPois   .            (no helmet)
rElec   .            (no cloak)
rCorr   .            f - +0 pair of gloves
SInv    .            (no boots)
Will    .....        d - amulet of the acrobat
Stlth   +            (no ring)
HPRegen 0.24/turn    (no ring)
MPRegen 0.10/turn

%: acrobat
@: no status effects
A: no striking features
a: no special abilities


You were on level 4 of the Dungeon.
You visited 1 branch of the dungeon, and saw 4 of its levels.

You collected 170 gold pieces.


   Skills:
 - Level 1.5 Fighting
 + Level 7.8 Ranged Weapons
 - Level 2.4 Dodging
 - Level 1.2 Stealth


You had 3 spell levels left.
You didn't know any spells.
Your spell library was empty.

Inventory:

Hand Weapons
 Y - a +0 shortbow (weapon)
Armour
 a - a +0 scale mail (worn)
 f - a +0 pair of gloves (worn)
Jewellery
 d - an amulet of the acrobat (around neck)
Potions
 b - a potion of heal wounds {unknown}
 e - 3 potions of curing
 j - a potion of haste {unknown}
 l - a potion of attraction {unknown}

Dungeon Overview and Level Annotations

Branches:
Dungeon (4/15)
 Temple: D:4-7

Altars:
Elyvilon

Shops:
D:3 =

Annotations:
D:4 exclusion: 10 gnolls


Message History

It was a potion of curing.
You feel better.
Done exploring.
1928 ||| DROPPING potion of berserk rage.
You drop a potion of berserk rage.
Done exploring.
(D) Dungeon
Where to? (* - list waypoints, Enter - D:3, ? - help)
What level of the Dungeon? (default 1, ? - help)
There is a stone staircase leading down here.
You climb downwards.
You hear the hiss of flowing sand.
There is an entrance to an ossuary on this level.
Hurry and find it before the portal is buried!
There is a stone staircase leading up here.
A giant cockroach is nearby!
Waypoint 3 assigned to D:4.
1949 ||| PLANNING OSSUARY You shoot an arrow.
The arrow hits the giant cockroach!
You kill the giant cockroach!
You see here a giant cockroach corpse.
You see here a giant cockroach corpse.
A gnoll comes into view.
It is wielding a +2 halberd of protection.
Found a scroll of fear.
The gnoll shouts!
You hear a shout!
You shoot an arrow. The arrow barely misses the gnoll.
You shoot an arrow. The arrow hits the gnoll.
The gnoll is moderately wounded.
You shoot an arrow. The arrow hits the gnoll.
The gnoll is heavily wounded.
The gnoll hits you from afar with a +2 halberd of protection! x2
You hear the slow hiss of an avalanche of sand nearby.
You shoot an arrow.
The arrow hits the gnoll but does no damage.
The gnoll is heavily wounded.
You shoot an arrow. The arrow hits the gnoll.
The gnoll is heavily wounded.
The gnoll hits you from afar with a +2 halberd of protection.
You shoot an arrow. The arrow barely misses the gnoll.
The gnoll hits you from afar with a +2 halberd of protection!
Ouch! That really hurt!
You die...

## .# ###.# #.
#.@.# #.# .##
#.### #.# ...
#g#### #.# ### #
#....# #.# #~###
####.# #.# #.##.
#.###.######P##.
#.#.......#####.
#.#...%##.......
#.#..#<##...####


You could see a gnoll.

Vanquished Creatures
  Terence (D:2)
  2 adders (D:3)
  3 dart slugs
  An orc (D:3)
  3 bats
  6 endoplasms
  A giant cockroach (D:4)
  5 goblins
  2 hobgoblins
  4 ball pythons
  4 frilled lizards
  4 kobolds
  7 rats
43 creatures vanquished.

Notes
Turn   | Place    | Note
-------+----------+-------------------------------------------
     0 | D:1      | qw the Deep Elf Hunter began the quest for the Orb.
     0 | D:1      | Reached XP level 1. HP: 12/12 MP: 3/3
     0 | D:1      | 0 ||| qw: Version: 0.3-a-9-g12657ce
     0 | D:1      | 0 ||| qw: Game counter: 3995
     0 | D:1      | 0 ||| qw: Always use a shield: true
     0 | D:1      | 0 ||| qw: God list: Okawaru
     0 | D:1      | 0 ||| qw: Allow faded altars: false
     0 | D:1      | 0 ||| qw: Do Orc after D:15 true
     0 | D:1      | 0 ||| qw: Do second Lair branch before Depths: true
     0 | D:1      | 0 ||| qw: Lair rune preference: random
     0 | D:1      | 0 ||| qw: Plans: Normal
     0 | D:1      | 0 ||| PLANNING D:1-11
   137 | D:1      | Reached skill level 6 in Ranged Weapons
   137 | D:1      | Reached XP level 2. HP: 16/16 MP: 4/4
   617 | D:1      | 617 ||| UPGRADING to +0 pair of gloves.
   622 | D:1      | 622 ||| READING scroll labelled KAOXEU BEANICW.
   623 | D:1      | 623 ||| READING scroll labelled HIPO SAKIR ERE.
   624 | D:1      | 624 ||| READING scroll labelled TAUQISA KOLIC.
   625 | D:1      | 625 ||| READING scroll labelled SALURE GUERAS.
   628 | D:1      | 628 ||| DROPPING scroll of butterflies.
   652 | D:2      | Noticed Terence
   654 | D:2      | HP: 4/16 [Terence/+0 trident (5)]
   662 | D:2      | Killed Terence
   663 | D:2      | Reached XP level 3. HP: 8/20 MP: 5/5
   830 | D:2      | Reached skill level 7 in Ranged Weapons
  1320 | D:2      | 1320 ||| UPGRADING to +0 scale mail.
  1330 | D:2      | 1330 ||| DROPPING +0 leather armour.
  1331 | D:2      | 1331 ||| UPGRADING to amulet of the acrobat.
  1394 | D:3      | Reached XP level 4. HP: 25/25 MP: 6/6
  1597 | D:3      | Found a white marble altar of Elyvilon.
  1613 | D:3      | Found Kaetea's Jewellery Shoppe.
  1621 | D:3      | 1621 ||| SHOPLISTING +5 ring of evasion (504 gold, have
                  | 153).
  1621 | D:3      | 1621 ||| SHOPLISTING amulet of faith (560 gold, have 153).
  1621 | D:3      | 1621 ||| SHOPLISTING ring of Xant {Will+ MP+9} (456 gold,
                  | have 153).
  1621 | D:3      | 1621 ||| SHOPLISTING ring of fire (350 gold, have 153).
  1621 | D:3      | 1621 ||| SHOPLISTING ring of poison resistance (280 gold,
                  | have 153).
  1621 | D:3      | 1621 ||| SHOPLISTING ring of willpower (350 gold, have
                  | 153).
  1818 | D:3      | 1818 ||| DROPPING +6 ring of intelligence.
  1819 | D:3      | 1819 ||| READING scroll labelled JECVUN HOXZIO.
  1820 | D:3      | 1820 ||| READING scroll labelled XOG REXU BASM.
  1821 | D:3      | 1821 ||| READING scroll labelled EMIROF MIXEST.
  1822 | D:3      | 1822 ||| DRINKING 2 smoky pink potions.
  1927 | D:3      | 1927 ||| DRINKING 4 viscous golden potions.
  1928 | D:3      | 1928 ||| DROPPING potion of berserk rage.
  1949 | D:4      | 1949 ||| PLANNING OSSUARY
  1993 | D:4      | HP: 5/25 [gnoll/+2 halberd of protection (8)]
  2005 | D:4      | HP: 4/25 [gnoll/+2 halberd of protection (4)]
  2006 | D:4      | Mangled by a gnoll

Levels and vault maps discovered:
D:1:      minmay_arrival_radiant_lines, layout_basic,
          minmay_misc_feat_nine_boxes
D:2:      layout_loops_cross, uniq_terence
D:3:      layout_basic, mainiacjoe_overflow_boulevard, serial_shops,
          nicolae_shop_temple_entry_statues_fountains,
          wad_floor_pattern_untrapped, skrybe_limestone_x
D:4:      layout_basic, serial_shops, nicolae_shop_bloodbath_and_beyond,
          serial_aquarium, aquarium_bridge_square [aquarium_subvault_bridge,
          aquarium_subvault_balcony, aquarium_subvault_window,
          aquarium_subvault_bridge], aquarium_window_corner,
          aquarium_window_fake, aquarium_window_1, aquarium_view_2c,
          aquarium_balcony_1b, aquarium_pool_split, enter_ossuary_2,
          uniq_blork_the_orc

Skill      XL: |  1  2  3 |
---------------+----------+-----
Ranged Weapons | 6 7 |  7.8
Fighting       | |  1.5
Dodging        | |  2.4
Stealth        | |  1.2

Action                     |  1- 3 |  4- 6 || total
---------------------------+-------+-------++-------
   Fire: Shortbow          |    95 |    48 ||   143
    Use: Scroll            |     4 |     3 ||     7
         Potion            |       |     2 ||     2
 Armour: Leather armour    |     6 |       ||     6
         Scale mail        |    11 |    10 ||    21
  Dodge: Dodged            |    19 |       ||    19

Table legend:
 A = Non-vault XP
 B = Vault XP
 C = Vault XP percentage of total XP
 D = Non-vault monster count
 E = Vault monster count
 F = Vault count percentage of total count
                 A         B        C        D         E       F
            +---------+---------+-------+---------+---------+-------
      Total |      96 |      36 |  27.3 |      42 |       1 |   2.3
            +---------+---------+-------+---------+---------+-------
        D:1 |      22 |       0 |   0.0 |      12 |       0 |   0.0
        D:2 |      24 |      36 |  60.0 |      14 |       1 |   6.7
        D:3 |      48 |       0 |   0.0 |      15 |       0 |   0.0
        D:4 |       2 |       0 |   0.0 |       1 |       0 |   0.0
            +---------+---------+-------+---------+---------+-------
